 Dungeon Crawl Stone Soup version 0.31.0-9-g3a7656b989 (webtiles) character file.

Game seed: 4878467059209558555

77 qw the Shooter (level 4, -2/22 HPs)
             Began as a Spriggan Hunter on Feb 2, 2024.
             Slain by Robin
             ... wielding a +0 trident
              (6 damage)
             ... on level 2 of the Dungeon.
             The game lasted 00:00:03 (1110 turns).

qw the Shooter (Spriggan Hunter)                    Turns: 1110, Time: 00:00:04

Health: -2/22      AC:  2    Str:  7    XL:     4   Next: 13%
Magic:  4/4        EV: 19    Int: 10    God:
Gold:   75         SH:  0    Dex: 20    Spells: 3/3 levels left

rFire   . . .        a - +3 shortbow
rCold   . . .        (shield currently unavailable)
rNeg    . . .        c - +0 robe
rPois   .            (helmet restricted)
rElec   .            (no cloak)
rCorr   .            (gloves unavailable)
SInv    +            (boots unavailable)
Will    .....        (no amulet)
Stlth   ++           (no ring)
HPRegen 0.23/turn    (no ring)
MPRegen 0.09/turn

%: no passive effects
@: very quick
A: very small, no large weapons, unfitting armour, see invisible, speed 3, low
MP 1, wild magic 1, MP-powered wands
a: no special abilities


You were on level 2 of the Dungeon.
You visited 1 branch of the dungeon, and saw 2 of its levels.

You collected 75 gold pieces.


Innate Abilities, Weirdness & Mutations

You are very small and have problems with some larger weapons.
You are too small for most types of armour.
You have supernaturally acute eyesight. (SInv)
You cover ground extremely quickly. (Speed+++)
Your magical capacity is low. (-10% MP)
Your spells are a little harder to cast, but a little more powerful.
You expend magic power (3 MP) to strengthen your wands.


   Skills:
 - Level 1.5 Fighting
 - Level 5.0 Ranged Weapons
 + Level 4.3 Dodging
 - Level 1.5 Stealth


You had 3 spell levels left.
You didn't know any spells.
Your spell library was empty.

Inventory:

Hand Weapons
 a - a +3 shortbow (weapon)
Armour
 c - a +0 robe (worn)
Jewellery
 h - the ring "Dagom" {Will+ EV+5 Dex+2}
   (You found it on level 2 of the Dungeon)

   [ring of evasion]

   EV+5:      It affects your evasion (+5).
   Dex+2:     It affects your dexterity (+2).
   Will+:     It increases your willpower.
Scrolls
 b - a scroll of enchant armour {unknown}
 d - a scroll of identify
Potions
 e - a potion of might {unknown}
 f - 2 potions of curing
 g - a potion of brilliance {unknown}

Dungeon Overview and Level Annotations

Branches:
Dungeon (2/15)

Altars:

Shops:
D:1 !   D:2 =

Annotations:
D:2 1 runed translucent door, Crazy Yiuf, Robin


Message History

The goblin misses you. Robin throws the goblin at you!
You shoot an arrow. The arrow barely misses the goblin.
The goblin misses you. x2
You shoot an arrow. The arrow hits the goblin.
The goblin is severely wounded.
The goblin hits you but does no damage. The goblin hits you with a +0 dagger.
You shoot an arrow. The arrow barely misses the goblin.
The goblin closely misses you. The goblin misses you.
Robin says, "Duck!"
You shoot an arrow. The arrow completely misses the goblin.
The goblin hits you with a +0 club. The goblin barely misses you.
You shoot an arrow. The arrow closely misses the goblin.
The goblin hits you with a +0 club. The goblin hits you with a +0 dagger.
You shoot an arrow. The arrow barely misses the goblin.
The goblin hits you with a +0 club. The goblin barely misses you.
Robin flexes a bicep menacingly.
The goblin closely misses you. x2
You shoot an arrow. The arrow hits the goblin!
You kill the goblin!
The goblin completely misses you.
You shoot an arrow. The arrow hits the goblin.
You kill the goblin!
The goblin no longer looks unusually strong.
The goblin hits you with a +0 dagger.
Robin roars a battlecry!
The goblin goes into a battle-frenzy!
You shoot an arrow. The arrow hits the goblin!
You kill the goblin!
The goblin hits you with a +0 dagger.
You shoot an arrow. The arrow hits the hobgoblin!
You kill the hobgoblin!
The goblin barely misses you. Robin barely misses you.
You shoot an arrow. The arrow barely misses the goblin.
Robin throws the goblin at you! The goblin barely misses you.
You shoot an arrow. The arrow hits the goblin.
You kill the goblin!
The goblin completely misses you.
Robin hits you from afar with a +0 trident.
You die...
Robin calls out, "Let's celebrate!
Time for a feast!"

#.......#.
#######....%..#.
#...............
#.##.##....%..##
#.##.##......<..
##...\...........
#..##.##^#.#.....
###).##.##.#.####.. #
#### #g@..........#
##. #
#........$############
#. # ####.#######g ##
# #.........##.
####.........#..
.............#.)
####.........#.. #
#....%...)#.. #
#....<(...#


You could see Robin and a goblin (strong).

Vanquished Creatures
  Jessica (D:2)
  An adder (D:2)
  A dart slug (D:1)
  2 bats (D:1)
  An endoplasm (D:1)
  2 giant cockroaches
  7 goblins (D:2)
  5 hobgoblins
  4 jackals (D:2)
  2 kobolds (D:1)
  3 quokkas
  2 ball pythons (D:1)
  4 frilled lizards
  2 rats
37 creatures vanquished.

Notes
Turn   | Place    | Note
-------+----------+-------------------------------------------
     0 | D:1      | qw the Spriggan Hunter began the quest for the Orb.
     0 | D:1      | Reached XP level 1. HP: 10/10 MP: 2/2
     0 | D:1      | 0 ||| qw: Version: 0.3-a-155-g5e7d8dd
     0 | D:1      | 0 ||| qw: Game counter: 1328
     0 | D:1      | 0 ||| qw: Melee chars always use a shield: true
     0 | D:1      | 0 ||| qw: God list: Okawaru
     0 | D:1      | 0 ||| qw: Allow faded altars: false
     0 | D:1      | 0 ||| qw: Do Orc after clearing Dungeon:15 true
     0 | D:1      | 0 ||| qw: Do second Lair branch before Depths: true
     0 | D:1      | 0 ||| qw: Lair rune preference: random
     0 | D:1      | 0 ||| qw: Goals: Normal
     0 | D:1      | 0 ||| PLANNING D:1-11
    78 | D:1      | Reached skill level 3 in Dodging
   142 | D:1      | Found Binoecw's Distillery.
   147 | D:1      | 147 ||| SHOPLISTING potion of curing (42 gold, have 0).
   147 | D:1      | 147 ||| SHOPLISTING potion of enlightenment (70 gold, have
                  | 0).
   147 | D:1      | 147 ||| SHOPLISTING potion of haste (140 gold, have 0).
   147 | D:1      | 147 ||| SHOPLISTING potion of might (56 gold, have 0).
   147 | D:1      | 147 ||| SHOPLISTING potion of mutation (112 gold, have 0).
   198 | D:1      | Reached XP level 2. HP: 14/14 MP: 3/3
   717 | D:1      | 717 ||| DROPPING ring of wizardry.
   718 | D:1      | 718 ||| READING scroll labelled NOAMIE JIAS.
   718 | D:1      | 718 ||| ENCHANTING +0 shortbow.
   719 | D:1      | 719 ||| READING scroll labelled LUGALA MUC ETU.
   723 | D:1      | 723 ||| READING 3 scrolls labelled NAXILI ORA ZIA.
   724 | D:1      | 724 ||| READING scroll labelled UFUGARA GIWKEOH.
   725 | D:1      | 725 ||| READING scroll labelled QUDDEUCLAKH.
   726 | D:1      | 726 ||| READING 2 scrolls labelled LABRUI ATUEXT.
   726 | D:1      | 726 ||| IDENTIFYING inky potion
   727 | D:1      | 727 ||| READING scroll of identify.
   727 | D:1      | 727 ||| IDENTIFYING bubbling clear potion
   728 | D:1      | 728 ||| DRINKING 2 white potions.
   728 | D:1      | Gained mutation: You occasionally lose the ability to drink
                  | potions when taking damage. [potion of mutation]
   728 | D:1      | Gained mutation: Your flesh is heat resistant. (rF+)
                  | [potion of mutation]
   729 | D:1      | 729 ||| DRINKING potion of mutation.
   729 | D:1      | Lost mutation: You occasionally lose the ability to drink
                  | potions when taking damage. [potion of mutation]
   729 | D:1      | Lost mutation: Your flesh is heat resistant. (rF+) [potion
                  | of mutation]
   729 | D:1      | Gained mutation: You expend magic power (3 MP) to
                  | strengthen your wands. [potion of mutation]
   729 | D:1      | Gained mutation: Your magical capacity is low. (-10% MP)
                  | [potion of mutation]
   729 | D:1      | Gained mutation: Your spells are a little harder to cast,
                  | but a little more powerful. [potion of mutation]
   730 | D:1      | 730 ||| DROPPING scroll of butterflies.
   731 | D:1      | 731 ||| DROPPING 2 scrolls of fear.
   732 | D:1      | 732 ||| DROPPING potion of ambrosia.
   746 | D:2      | 746 ||| STAIRDANCE
   815 | D:2      | Found a runed translucent door.
   816 | D:2      | Noticed Crazy Yiuf
   889 | D:2      | Noticed Jessica
   894 | D:2      | Killed Jessica
   895 | D:2      | Reached XP level 3. HP: 18/18 MP: 3/3
   932 | D:2      | 932 ||| READING scroll of enchant weapon.
   932 | D:2      | 932 ||| ENCHANTING +1 shortbow.
   960 | D:2      | Identified the ring "Dagom" {Will+ EV+5 Dex+2}
  1024 | D:2      | Reached skill level 5 in Ranged Weapons
  1041 | D:2      | Found Zuanuj Qaemn's Jewellery Shoppe.
  1045 | D:2      | 1045 ||| READING scroll of enchant weapon.
  1045 | D:2      | 1045 ||| ENCHANTING +2 shortbow.
  1050 | D:2      | 1050 ||| SHOPLISTING +4 ring of protection (360 gold, have
                  | 61).
  1050 | D:2      | 1050 ||| SHOPLISTING ring of poison resistance (200 gold,
                  | have 61).
  1050 | D:2      | 1050 ||| SHOPLISTING ring of protection from fire (250
                  | gold, have 61).
  1050 | D:2      | 1050 ||| SHOPLISTING ring of resist corrosion (200 gold,
                  | have 61).
  1050 | D:2      | 1050 ||| SHOPLISTING ring of willpower (250 gold, have 61).
  1093 | D:2      | Noticed Robin
  1095 | D:2      | Reached XP level 4. HP: 22/22 MP: 4/4
  1107 | D:2      | HP: 4/22 [goblin/+0 dagger[Robin] (3)]
  1110 | D:2      | Slain by Robin

Levels and vault maps discovered:
D:1:      dpeg_arrival_rhombi, layout_basic, serial_shops, nicolae_shop_stone
D:2:      layout_basic, serial_shops, nicolae_shop_gaudy_bauble, uniq_jessica,
          uniq_crazy_yiuf_cottage, uniq_robin

Skill      XL: |  1  2  3 |
---------------+----------+-----
Dodging        | 3 4 |  4.3
Ranged Weapons | 5 |  5.0
Fighting       | |  1.5
Stealth        | |  1.5

Action                     |  1- 3 |  4- 6 || total
---------------------------+-------+-------++-------
   Fire: Shortbow          |    69 |    16 ||    85
    Use: Scroll            |     9 |       ||     9
         Potion            |     2 |       ||     2
 Armour: Robe              |     7 |    11 ||    18
  Dodge: Dodged            |    22 |    16 ||    38

Table legend:
 A = Non-vault XP
 B = Vault XP
 C = Vault XP percentage of total XP
 D = Non-vault monster count
 E = Vault monster count
 F = Vault count percentage of total count
                 A         B        C        D         E       F
            +---------+---------+-------+---------+---------+-------
      Total |      57 |      55 |  49.1 |      27 |      10 |  27.0
            +---------+---------+-------+---------+---------+-------
        D:1 |      25 |       0 |   0.0 |      15 |       0 |   0.0
        D:2 |      32 |      55 |  63.2 |      12 |      10 |  45.5
            +---------+---------+-------+---------+---------+-------
